 Dungeon Crawl Stone Soup version 0.29.0-4-gdea44cf6ec (webtiles) character file.

Game seed: 4988036130295659259

103 qw the Chopper (level 4, -1/26 HPs)
             Began as a Tengu Warper on Aug 29, 2022.
             Slain by an orc
             ... wielding a +1 short sword of venom
              (4 damage)
             ... on level 3 of the Dungeon.
             The game lasted 00:01:00 (2582 turns).

qw the Chopper (Tengu Warper)                       Turns: 2582, Time: 00:01:00

Health: -1/26      AC: 10    Str: 13    XL:     4   Next: 79%
Magic:  8/8        EV:  3    Int: 13    God:
Gold:   87         SH:  0    Dex: 14    Spells: 7/7 levels left

rFire   . . .      SeeInvis .   Y - +0 hand axe
rCold   . . .      Faith    .   (no shield)
rNeg    . . .      Spirit   .   f - +0 plate armour
rPois   .          Reflect  .   (helmet restricted)
rElec   .          Harm     .   (no cloak)
rCorr   .          Rampage  .   (no gloves)
Will    .....                   (boots unavailable)
Stlth   ..........              (no amulet)
HPRegen 0.08/turn               (no ring)
MPRegen 0.11/turn               (no ring)

@: lethally poisoned (-1 -> -25)
A: beak, talons 3
a: no special abilities


You were on level 3 of the Dungeon.
You visited 1 branch of the dungeon, and saw 3 of its levels.

You collected 87 gold pieces.


Innate Abilities, Weirdness & Mutations

You have a beak for a mouth.
You have claws for feet.


   Skills:
 - Level 2.0 Fighting
 + Level 5.0 Axes
 - Level 1.0 Throwing
 - Level 2.0 Armour
 - Level 2.1 Dodging
 - Level 2.0 Spellcasting
 - Level 2.4 Translocations


You had 7 spell levels left.
You didn't know any spells.
Your spell library contained the following spells:

 Spells                   Type           Power      Damage    Failure   Level
 Blink                    Tloc           14%        N/A       100%        2
 Gell's Gravitas          Tloc           7%         N/A       100%        3
 Lesser Beckoning         Tloc           7%         N/A       100%        3
 Teleport Other           Tloc           7%         N/A       100%        3
 Manifold Assault         Tloc           7%         N/A       100%        5

Inventory:

Hand Weapons
 g - a +0 whip of electrocution
 Y - a +0 hand axe (weapon)
Armour
 f - a +0 plate armour (worn)
Scrolls
 a - a scroll of identify
 d - a scroll of acquirement {unknown}
Potions
 b - a potion of mutation
 c - a potion of ambrosia {unknown}
 i - a potion of flight {unknown}

Dungeon Overview and Level Annotations

Branches:
Dungeon (3/15)

Altars:


Message History

The orc wizard flickers and vanishes!
Deactivating autopickup; reactivate with Ctrl-A.
You barely miss the orc wizard. You claw the orc wizard.
You peck the orc wizard, but do no damage.
The orc wizard is heavily wounded.
You hit the orc wizard but do no damage.
The orc wizard is heavily wounded.
You hit the orc but do no damage. The orc wizard barely misses you.
The orc hits you but does no damage.
You are poisoned.
You hit the orc wizard.
The orc wizard is severely wounded.
You closely miss the orc.
You feel very sick.
The orc wizard hits you with a +0 dagger.
The orc hits you but does no damage.
You are more poisoned.
You hit the orc wizard. Your punch misses the orc wizard.
The orc wizard is almost dead.
You hit the orc.
You feel very sick.
The orc wizard hits you but does no damage.
The orc hits you but does no damage.
You are lethally poisoned!
You hit the orc wizard but do no damage.
You claw the orc wizard.
You peck the orc wizard, but do no damage.
The orc wizard is almost dead.
You barely miss the orc.
You feel very sick.
The orc wizard points at you and mumbles some strange words.
You resist with some effort. The orc hits you but does no damage.
You are more poisoned.
You barely miss the orc wizard. Your punch misses the orc wizard.
The orc wizard is almost dead.
You hit the orc.
You feel extremely sick.
The orc wizard hits you with a +0 dagger.
The orc hits you with a +1 short sword of venom.
You die...

####### ...
#..<... ....
#.##### ... ######
#.# ... #....# #.#
#.# #....# #.# #.#
#....+ #.#
#####.#######....#
#[#
#..............@o#
#.#
#.....##########o#
#.# #.............
{# #.#
######.####### o#
#.# #.# o. #.# #.#
.. #[# #.# .#. #.#
#.# .#. #.# #.#
#.#


You could see an orc wizard and 3 orcs.

Vanquished Creatures
  Natasha (D:3)
  An adder (D:2)
  A worm (D:2)
  2 dart slugs (D:2)
  3 endoplasms (D:1)
  2 giant cockroaches (D:3)
  8 goblins
  8 hobgoblins
  2 jackals
  5 quokkas
  4 ball pythons
  4 bats
  3 frilled lizards
  8 kobolds
  5 rats
57 creatures vanquished.

Notes
Turn   | Place    | Note
-------+----------+-------------------------------------------
     0 | D:1      | qw the Tengu Warper began the quest for the Orb.
     0 | D:1      | Reached XP level 1. HP: 12/12 MP: 4/4
     0 | D:1      | 0 ||| qw: Version: 0.1-a-89-g26bdef1
     0 | D:1      | 0 ||| qw: Game counter: 3440
     0 | D:1      | 0 ||| qw: Always use a shield: true
     0 | D:1      | 0 ||| qw: God list: Okawaru
     0 | D:1      | 0 ||| qw: Allow faded altars: false
     0 | D:1      | 0 ||| qw: Do Orc after D:15 true
     0 | D:1      | 0 ||| qw: Do second Lair branch before Depths: true
     0 | D:1      | 0 ||| qw: Lair rune preference: random
     0 | D:1      | 0 ||| qw: Plans: Normal
     0 | D:1      | 0 ||| PLANNING D:1-11
    54 | D:1      | 54 ||| DROPPING +0 whip.
   106 | D:1      | 106 ||| Stepping ~*~*~tactically~*~*~ (stealth).
   232 | D:1      | Reached XP level 2. HP: 17/17 MP: 6/6
   291 | D:1      | Reached skill level 3 in Axes
   435 | D:1      | 435 ||| Stepping ~*~*~tactically~*~*~ (stealth).
   437 | D:1      | 437 ||| Stepping ~*~*~tactically~*~*~ (stealth).
   439 | D:1      | 439 ||| Stepping ~*~*~tactically~*~*~ (stealth).
   771 | D:1      | Found a faded altar of an unknown god.
   837 | D:1      | 837 ||| Stepping ~*~*~tactically~*~*~ (stealth).
   871 | D:1      | 871 ||| Stepping ~*~*~tactically~*~*~ (stealth).
   872 | D:1      | 872 ||| Stepping ~*~*~tactically~*~*~ (stealth).
   877 | D:1      | Reached XP level 3. HP: 19/21 MP: 7/7
   988 | D:1      | 988 ||| UPGRADING to +0 plate armour.
   998 | D:1      | 998 ||| DROPPING +0 leather armour.
   999 | D:1      | 999 ||| DROPPING ring of flight.
  1000 | D:1      | 1000 ||| READING scroll labelled FEUTZOVUERPH.
  1005 | D:1      | 1005 ||| READING scroll labelled OKUNAO ROAMEK.
  1006 | D:1      | 1006 ||| READING scroll labelled SARHEC BUDI.
  1007 | D:1      | 1007 ||| DROPPING scroll of blinking.
  1033 | D:2      | 1033 ||| STAIRDANCE
  1040 | D:2      | 1040 ||| STAIRDANCE
  1108 | D:2      | 1108 ||| STAIRDANCE
  1119 | D:2      | Reached skill level 4 in Axes
  1137 | D:2      | 1137 ||| Stepping ~*~*~tactically~*~*~ (stealth).
  1186 | D:2      | 1186 ||| FLEEEEING.
  1187 | D:2      | 1187 ||| FLEEEEING.
  1188 | D:2      | 1188 ||| FLEEEEING.
  1189 | D:2      | 1189 ||| FLEEEEING.
  1192 | D:2      | HP: 5/21 [poisoned by a kobold]
  1197 | D:2      | 1197 ||| FLEEEEING.
  1198 | D:2      | 1198 ||| FLEEEEING.
  1199 | D:2      | 1199 ||| STAIRDANCE
  1211 | D:1      | 1211 ||| Stepping ~*~*~tactically~*~*~ (stealth).
  1490 | D:2      | 1490 ||| Stepping ~*~*~tactically~*~*~ (stealth).
  1498 | D:2      | 1498 ||| Stepping ~*~*~tactically~*~*~ (stealth).
  1509 | D:2      | 1509 ||| Stepping ~*~*~tactically~*~*~ (stealth).
  1517 | D:2      | 1517 ||| Stepping ~*~*~tactically~*~*~ (stealth).
  1722 | D:2      | 1722 ||| Stepping ~*~*~tactically~*~*~ (stealth).
  1724 | D:2      | 1724 ||| Stepping ~*~*~tactically~*~*~ (stealth).
  1725 | D:2      | 1725 ||| Stepping ~*~*~tactically~*~*~ (stealth).
  1727 | D:2      | 1727 ||| Stepping ~*~*~tactically~*~*~ (hiding).
  1739 | D:2      | Reached XP level 4. HP: 24/26 MP: 8/8
  1834 | D:2      | 1834 ||| Stepping ~*~*~tactically~*~*~ (hiding).
  2218 | D:2      | 2218 ||| READING scroll labelled UNOISA TAIFOE.
  2219 | D:2      | 2219 ||| READING scroll labelled PIG TOCITUSEOCW.
  2220 | D:2      | 2220 ||| READING scroll labelled LYX MIGUENWIYT.
  2221 | D:2      | 2221 ||| READING 2 scrolls of identify.
  2221 | D:2      | 2221 ||| IDENTIFYING fuming red potion
  2327 | D:3      | 2327 ||| Stepping ~*~*~tactically~*~*~ (stealth).
  2336 | D:3      | 2336 ||| Stepping ~*~*~tactically~*~*~ (stealth).
  2337 | D:3      | 2337 ||| Stepping ~*~*~tactically~*~*~ (stealth).
  2338 | D:3      | 2338 ||| Stepping ~*~*~tactically~*~*~ (stealth).
  2364 | D:3      | 2364 ||| Stepping ~*~*~tactically~*~*~ (stealth).
  2539 | D:3      | Noticed Natasha
  2544 | D:3      | Killed Natasha
  2545 | D:3      | Reached skill level 5 in Axes
  2571 | D:3      | 2571 ||| Stepping ~*~*~tactically~*~*~ (stealth).
  2573 | D:3      | 2573 ||| Stepping ~*~*~tactically~*~*~ (hiding).
  2582 | D:3      | HP: 3/26 [orc wizard/+0 dagger (4)]
  2582 | D:3      | Slain by an orc

Levels and vault maps discovered:
D:1:      wheals_arrival_shading, layout_loops_ring,
          dilly_ecumenical_altar_fadedgnrine
D:2:      minmay_angry_zag, layout_rooms, kennysheep_cluttered_room
D:3:      cheibrodos_thug_alley, layout_basic, uniq_natasha

Skill      XL: |  1  2  3  4 |
---------------+-------------+-----
Axes           | 3 4 5 |  5.0
Armour         | 2 |  2.0
Fighting       | |  2.0
Throwing       | |  1.0
Dodging        | |  2.1
Spellcasting   | |  2.0
Translocations | |  2.4

Action                   |  1- 3 |  4- 6 || total
-------------------------+-------+-------++-------
Melee: Hand axe          |    95 |    44 ||   139
       Kick              |    23 |    10 ||    33
       Peck              |    10 |     6 ||    16
       Punch             |       |     1 ||     1
Throw: Boomerang         |     7 |       ||     7
  Use: Scroll            |     3 |     4 ||     7
Armor: Leather armour    |     2 |       ||     2
       Plate armour      |    52 |    33 ||    85
Dodge: Dodged            |    33 |     6 ||    39

Table legend:
 A = Non-vault XP
 B = Vault XP
 C = Vault XP percentage of total XP
 D = Non-vault monster count
 E = Vault monster count
 F = Vault count percentage of total count
                 A         B        C        D         E       F
            +---------+---------+-------+---------+---------+-------
      Total |     103 |      45 |  30.4 |      50 |       7 |  12.3
            +---------+---------+-------+---------+---------+-------
        D:1 |      43 |       0 |   0.0 |      25 |       0 |   0.0
        D:2 |      51 |      10 |  16.4 |      20 |       6 |  23.1
        D:3 |       9 |      35 |  79.5 |       5 |       1 |  16.7
            +---------+---------+-------+---------+---------+-------
